 Dungeon Crawl Stone Soup version 0.23.2-1-ga50397a (webtiles) character file.

Game seed: 3153745356515771187

672 myga the Grasshopper (level 7, 0/56 HPs)
             Began as a Gnoll Warper on May 19, 2019.
             Succumbed to a hornet's poison
             ... while paralysed by a hornet
             ... on level 4 of the Dungeon on May 20, 2019.
             The game lasted 00:26:45 (4968 turns).

myga the Grasshopper (Gnoll Warper)                 Turns: 4968, Time: 00:26:46

Health: 0/56       AC:  4    Str: 15    XL:     7   Next: 59%
Magic:  2/15       EV:  2    Int: 16    God:
Gold:   226        SH:  0    Dex: 14    Spells: 1/17 levels left

rFire    + . .     SeeInvis .   s - +0 scythe
rCold    + . .     Gourm    .   (shield currently unavailable)
rNeg     . . .     Faith    .   r - +1 robe {rC+ rF+}
rPois    .         Spirit   .   n - +0 helmet
rElec    .         Reflect  +   (no cloak)
rCorr    .         Harm     .   (no gloves)
MR       .....                  (no boots)
Stlth    ++........             q - +4 amulet of reflection
HPRegen  0.18/turn              (no ring)
MPRegen  0.14/turn              (no ring)

@: paralysed, lethally poisoned (0 -> -10), about to teleport, slowed
A: distributed training, fangs 1, strong nose
a: no special abilities


You were on level 4 of the Dungeon.
You were not hungry.

You visited 1 branch of the dungeon, and saw 4 of its levels.

You collected 226 gold pieces.

Inventory:

Hand Weapons
 s - a +0 scythe (weapon)
Missiles
 c - 86 stones (quivered)
 e - 5 tomahawks of dispersal
Armour
 n - a +0 helmet (worn)
 r - a +1 robe of resistance (worn)
 y - +0 pearl dragon scales
Jewellery
 a - an uncursed amulet of faith
 i - an uncursed amulet of regeneration
 q - a +4 amulet of reflection (around neck)
Wands
 m - a wand of polymorph (7)
Scrolls
 d - a scroll of blinking
 g - a scroll of fear {unknown}
 h - a scroll of teleportation
 j - a scroll of random uselessness {unknown}
 k - a scroll of remove curse {unknown}
 l - a scroll of amnesia {unknown}
 u - a scroll of fog {unknown}
 v - a scroll of identify
Potions
 b - 2 potions of degeneration {unknown}
 o - 2 potions of brilliance
 p - a potion of mutation {unknown}
 t - a potion of curing
 w - a potion of berserk rage {unknown}
Comestibles
 f - 5 rations


   Skills:
 + Level 5.2 Fighting
 + Level 2.5 Short Blades
 + Level 2.5 Long Blades
 + Level 2.5 Axes
 + Level 2.5 Maces & Flails
 + Level 5.2 Polearms
 + Level 2.5 Staves
 + Level 2.5 Slings
 + Level 2.5 Bows
 + Level 2.5 Crossbows
 + Level 3.6 Throwing
 + Level 3.6 Armour
 + Level 5.2 Dodging
 + Level 2.5 Stealth
 + Level 2.5 Shields
 + Level 2.5 Unarmed Combat
 + Level 5.6 Spellcasting
 + Level 2.0 Conjurations
 + Level 2.0 Hexes
 + Level 2.0 Charms
 + Level 2.0 Summonings
 + Level 2.0 Necromancy
 + Level 5.8 Translocations
 + Level 2.0 Transmutations
 + Level 2.0 Fire Magic
 + Level 2.0 Ice Magic
 + Level 2.0 Air Magic
 + Level 2.0 Earth Magic
 + Level 2.0 Poison Magic
 + Level 2.8 Invocations
 + Level 2.5 Evocations


You had one spell level left.
You knew the following spells:

 Your Spells              Type           Power        Failure   Level  Hunger
a - Blink                 Tloc           N/A          1%          2    #......
b - Shroud of Golubria    Chrm/Tloc      ###.......   4%          2    #......
c - Teleport Other        Tloc           ###.....     3%          3    ##.....
d - Lesser Beckoning      Tloc           ###.......   3%          3    ##.....
e - Gell's Gravitas       Tloc           ###.......   3%          3    ##.....
f - Confuse               Hex            ##......     19%         3    ##.....

Your spell library contained the following spells:

 Spells                   Type           Power        Failure   Level  Hunger
 Confusing Touch          Hex            ##....       6%          1    None
 Passage of Golubria      Tloc           N/A          13%         4    ####...
 Petrify                  Tmut/Erth      ##......     52%         4    ####...
 Metabolic Englaciation   Hex/Ice        ##........   86%         5    ######.
 Yara's Violent Unravell  Hex/Tmut       ##........   86%         5    ######.


Dungeon Overview and Level Annotations

Branches:
Dungeon (4/15)
 Temple: D:4-7

Altars:
Hepliaklqana


Innate Abilities, Weirdness & Mutations

Your experience applies equally to all skills.
You have very sharp teeth.
Your uncanny sense of smell can sniff out nearby items.


Message History

Unknown command.
Casting: Blink (safe; 1% risk of failure)
Confirm with . or Enter, or press ? or * to list all spells.
You don't have enough magic to cast that spell.
You feel sick.
You feel sick. The hornet stings you!
* * * LOW HITPOINT WARNING * * *
You are more poisoned.
You feel yourself slow down.
As you read the scroll of teleportation, it crumbles to dust.
You feel strangely unstable.
You feel sick. The hornet barely misses you. The hornet stings you.
* * * LOW HITPOINT WARNING * * *
You suddenly lose the ability to move!
You feel yourself speed up.
You feel sick. The hornet stings you!
* * * LOW HITPOINT WARNING * * *
You feel yourself slow down.
The hornet stings you but does no damage.
You die... # #P.PPP.P.P.P#.##.# # #P.....P...P#.##.# # #P.P.PPPPPPP#.##.# # #P.P.......P#....# # #PPPPPPP.PPP#.####

# ###.####.####.# #
#.# #..# #.# #
###.###.#####.######
#
#..@[.[.............
#
#.#y#.##....#.######
# #...#.##.####.# #
#...#.##.# #.######
# #.....##.#
#....... ######
#.....##.# ########
.....#
#.###.##.####### ##
#.##.# #.#
#.......(..## #.
#.##.#
#[###....####...###.


You could see a hornet.

Vanquished Creatures
  Sigmund (D:3)
  An ogre (D:4)
  A phantom (D:4)
  A bullfrog skeleton (D:4)
  Jessica (D:3)
  Natasha (thrice) (D:2)
  An iguana (D:3)
  Robin (D:3)
  3 gnolls (D:4)
  5 adders
  An ooze (D:2)
  7 worms
  2 leopard geckos
  2 orcs
  2 ball pythons
  6 bats
  2 giant cockroaches
  14 goblins
  8 hobgoblins
  6 jackals
  3 quokkas
  11 frilled lizards
  7 kobolds
  4 rats
93 creatures vanquished.

Notes
Turn   | Place    | Note
-------+----------+-------------------------------------------
     0 | D:1      | myga the Gnoll Warper began the quest for the Orb.
     0 | D:1      | Reached XP level 1. HP: 20/20 MP: 6/6
   132 | D:1      | Reached XP level 2. HP: 25/26 MP: 7/7
   150 | D:1      | Learned a level 2 spell: Blink
   153 | D:1      | Learned a level 2 spell: Shroud of Golubria
   616 | D:2      | Reached XP level 3. HP: 26/31 MP: 9/9
   671 | D:2      | Learned a level 3 spell: Teleport Other
   675 | D:2      | Learned a level 3 spell: Lesser Beckoning
   754 | D:2      | Reached skill level 5 in Spellcasting
   857 | D:2      | Reached skill level 1 in Invocations
  1223 | D:2      | Reached skill level 1 in Short Blades
  1223 | D:2      | Reached skill level 1 in Long Blades
  1223 | D:2      | Reached skill level 1 in Axes
  1223 | D:2      | Reached skill level 1 in Maces & Flails
  1223 | D:2      | Reached skill level 1 in Staves
  1223 | D:2      | Reached skill level 1 in Slings
  1223 | D:2      | Reached skill level 1 in Bows
  1223 | D:2      | Reached skill level 1 in Crossbows
  1223 | D:2      | Reached skill level 1 in Stealth
  1223 | D:2      | Reached skill level 1 in Shields
  1223 | D:2      | Reached skill level 1 in Unarmed Combat
  1223 | D:2      | Reached skill level 1 in Evocations
  1248 | D:2      | Reached XP level 4. HP: 31/38 MP: 11/11
  1412 | D:2      | Learned a level 3 spell: Gell's Gravitas
  1433 | D:2      | Noticed Natasha
  1441 | D:2      | Killed Natasha
  1441 | D:2      | Reached skill level 1 in Conjurations
  1441 | D:2      | Reached skill level 1 in Hexes
  1441 | D:2      | Reached skill level 1 in Charms
  1441 | D:2      | Reached skill level 1 in Summonings
  1441 | D:2      | Reached skill level 1 in Necromancy
  1441 | D:2      | Reached skill level 1 in Transmutations
  1441 | D:2      | Reached skill level 1 in Fire Magic
  1441 | D:2      | Reached skill level 1 in Ice Magic
  1441 | D:2      | Reached skill level 1 in Air Magic
  1441 | D:2      | Reached skill level 1 in Earth Magic
  1441 | D:2      | Reached skill level 1 in Poison Magic
  1483 | D:2      | Found a hazy altar of Hepliaklqana.
  1692 | D:2      | Noticed Natasha
  1706 | D:2      | Killed Natasha
  1706 | D:2      | Reached XP level 5. HP: 19/43 MP: 10/12
  2150 | D:2      | Noticed Natasha
  2164 | D:2      | Killed Natasha
  2298 | D:3      | Noticed Robin
  2348 | D:3      | Killed Robin
  2520 | D:3      | Noticed Sigmund
  2791 | D:3      | Killed Sigmund
  2791 | D:3      | Reached skill level 5 in Fighting
  2791 | D:3      | Reached skill level 5 in Polearms
  2791 | D:3      | Reached skill level 5 in Dodging
  2791 | D:3      | Reached XP level 6. HP: 23/51 MP: 14/14
  2990 | D:3      | Noticed Jessica
  3003 | D:3      | Killed Jessica
  3385 | D:3      | Found a faded altar of an unknown god.
  3628 | D:3      | Reached XP level 7. HP: 56/56 MP: 15/15
  3781 | D:3      | Learned a level 3 spell: Confuse
  4944 | D:4      | Noticed a hornet
  4966 | D:4      | Paralysed by a hornet for 3 turns
  4967 | D:4      | HP: 1/56 [hornet (11)]
  4968 | D:4      | Succumbed to a hornet's poison

Skill      XL: |  1  2  3  4  5  6  7 |
---------------+----------------------+-----
Spellcasting   | 5 |  5.6
Invocations    | 1 2 |  2.8
Short Blades   | 1 2 |  2.5
Long Blades    | 1 2 |  2.5
Axes           | 1 2 |  2.5
Maces & Flails | 1 2 |  2.5
Staves         | 1 2 |  2.5
Slings         | 1 2 |  2.5
Bows           | 1 2 |  2.5
Crossbows      | 1 2 |  2.5
Stealth        | 1 2 |  2.5
Shields        | 1 2 |  2.5
Unarmed Combat | 1 2 |  2.5
Evocations     | 1 2 |  2.5
Conjurations   | 1 2 |  2.0
Hexes          | 1 2 |  2.0
Charms         | 1 2 |  2.0
Summonings     | 1 2 |  2.0
Necromancy     | 1 2 |  2.0
Transmutations | 1 2 |  2.0
Fire Magic     | 1 2 |  2.0
Ice Magic      | 1 2 |  2.0
Air Magic      | 1 2 |  2.0
Earth Magic    | 1 2 |  2.0
Poison Magic   | 1 2 |  2.0
Throwing       | 3 |  3.6
Armour         | 3 |  3.6
Fighting       | 5 |  5.2
Polearms       | 5 |  5.2
Dodging        | 5 |  5.2
Translocations | |  5.8

Action                   |  1- 3 |  4- 6 |  7- 9 || total
-------------------------+-------+-------+-------++-------
Melee: Spear             |   168 |   142 |       ||   310
       Bite              |    18 |    12 |     5 ||    35
       Punch             |       |     1 |       ||     1
       Scythe            |       |    40 |    51 ||    91
Throw: Stone             |    44 |    37 |    23 ||   104
 Cast: Shroud of Golubri |     3 |     7 |     2 ||    12
       Lesser Beckoning  |       |     2 |       ||     2
       Blink             |       |     1 |     4 ||     5
       Confuse           |       |       |     3 ||     3
       Gell's Gravitas   |       |       |     2 ||     2
       Teleport Other    |       |       |     1 ||     1
  Use: Scroll            |     1 |     1 |     2 ||     4
       Potion            |     1 |     1 |       ||     2
 Stab: Sleeping          |     1 |     6 |     2 ||     9
  Eat: Chunk             |     1 |     8 |     5 ||    14
Armor: Leather armour    |    24 |    11 |       ||    35
       Robe              |       |     8 |     8 ||    16
Dodge: Dodged            |    65 |    98 |    49 ||   212
Block: Other             |       |    22 |     8 ||    30
